Map: Realities Simulation LE

Players

MattBarry - Winner!

  • Race: Zerg Zerg
  • Spawn Location: 5:00

MattBarry - Winner!

  • Race: Terran Terran
  • Spawn Location: 3:00

MattBarry - Winner!

  • Race: Zerg Zerg
  • Spawn Location: 6:00

ChrisStar

  • Race: Terran Terran
  • Spawn Location: 11:00

Jackel

  • Race: Terran Terran
  • Spawn Location: 9:00

Fuunoli

  • Race: Zerg Zerg
  • Spawn Location: 12:00

VOD

Have the link to the VOD?

Description

Time

  • Played on: Dec. 22, 2022, 11:39 p.m.
  • Length: 12:22
Show
View Real Time Build Order
Export as new Build Order

MattBarry Zerg - Winner!

Build Orders: Pool First, Roach Hydra 

Get SALT Encoding   

  12  0:00  Drone  
  13  0:12  Overlord  
  13  0:16  Drone  
  14  0:31  Drone x2  
  14  0:34  Drone  
  17  0:46  Drone  
  18  0:52  Spawning Pool  
  17  1:12  Drone  
  17  1:13  Hatchery  
  17  1:20  Drone x2  
  17  1:24  Extractor  
  18  1:28  Drone  
  19  1:40  Zergling x2  
  19  1:41  Queen  
  22  1:49  Overlord  
  22  2:02  Overlord  
  22  2:11  Drone  
  23  2:18  Queen  
  23  2:22  Drone  
  26  2:28  Drone  
  27  2:32  Drone  
  27  2:34  Extractor  
  27  2:36  Drone  
  28  2:44  Drone  
  29  2:52  Drone x4  
  29  2:56  Queen  
  35  3:02  Drone  
  36  3:09  Drone  
  37  3:13  Drone x2  
  37  3:14  Roach Warren  
  38  3:26  Zergling x2, Extractor  
  38  3:27  Zergling x8  
  42  3:39  Drone  
  43  3:41  Lair  
  43  3:42  Metabolic Boost  
  43  3:44  Overlord x3  
  43  3:49  Pneumatized Carapace  
  43  3:53  Drone  
  44  3:57  Overlord  
  44  4:04  Drone x5  
  44  4:09  Drone x2  
  51  4:32  Evolution Chamber  
  50  4:41  Glial Reconstitution  
  50  4:44  Drone  
  51  4:46  Hydralisk Den  
  51  4:48  Roach  
  51  4:49  Roach x7  
  66  5:02  Drone x5  
  66  5:04  Zerg Missile Weapons Level 1  
  66  5:05  Roach  
  66  5:06  Roach  
  75  5:09  Overlord  
  75  5:24  Grooved Spines  
  75  5:26  Overlord x2  
  75  5:27  Overlord  
  75  5:38  Drone x3  
  75  5:39  Drone x3  
  81  5:54  Hydralisk x5, Extractor  
  81  5:55  Hydralisk  
  92  6:18  Drone x2  
  92  6:22  Hatchery  
  93  6:29  Tunneling Claws  
  93  6:31  Burrow  
  93  6:35  Muscular Augments, Drone  
  93  6:37  Evolution Chamber  
  93  6:40  Overlord x2  
  93  6:41  Zergling x4  
  93  6:42  Zergling x8  
  99  7:01  Hydralisk  
  99  7:02  Hydralisk x6  
  99  7:07  Overlord x2  
  113  7:15  Zerg Missile Weapons Level 2  
  113  7:16  Zergling x2  
  113  7:17  Zergling x2  
  115  7:36  Drone  
  115  7:37  Drone x6  
  121  7:40  Extractor  
  121  7:42  Extractor  
  120  7:55  Roach  
  120  7:56  Roach x9  
  120  7:58  Overlord  
  140  8:17  Overseer  
  140  8:24  Hydralisk  
  140  8:25  Hydralisk x6  
  154  8:28  Overlord  
  154  8:45  Overlord x4  
  154  8:53  Zerg Ground Armor Level 1  
  154  8:58  Drone x6  
  160  9:14  Drone x2  
  160  9:15  Roach x7  
  160  9:16  Roach  
  178  9:18  Overlord  
  177  9:33  Roach x7  
  181  9:47  Infestation Pit  
  152  10:01  Zergling x10  
  152  10:02  Zergling x14  
  158  10:19  Roach x4  
  158  10:20  Roach x3  
  170  10:33  Roach x3  
  174  10:48  Hydralisk x2  
  174  10:49  Hydralisk x7  
  176  10:54  Hydralisk x2  
  176  10:55  Hydralisk x4  
  191  11:11  Zergling x2  
  191  11:12  Zergling x2  
  191  11:13  Overlord  
  193  11:27  Zergling x4  
  191  11:39  Hydralisk  
  187  11:40  Hydralisk x5  
Show
View Real Time Build Order
Export as new Build Order

MattBarry Terran - Winner!

Build Orders:  

Get SALT Encoding   

  12  0:00  SCV  
  13  0:12  SCV  
  14  0:17  Supply Depot  
  14  0:24  SCV  
  15  0:38  SCV  
  15  0:40  Barracks  
  16  0:45  Refinery  
  16  0:51  SCV  
  17  1:03  SCV  
  18  1:15  SCV  
  19  1:28  Marine  
  19  1:29  Orbital Command  
  20  1:41  Command Center  
  20  1:46  Reaper  
  21  1:53  Supply Depot  
  21  1:55  SCV  
  22  2:07  SCV  
  23  2:19  SCV  
  23  2:20  Barracks Tech Lab  
  24  2:27  Refinery  
  24  2:32  Barracks  
  24  2:33  Barracks  
  24  2:35  SCV  
  25  2:40  Marauder  
  27  2:47  SCV  
  28  3:11  SCV  
  31  3:12  Marauder  
  31  3:24  SCV  
  32  3:36  SCV  
  32  3:40  Barracks Tech Lab, Barracks Reactor  
  32  3:44  Factory  
  32  3:46  Supply Depot  
  32  3:47  Orbital Command  
  32  3:54  SCV  
  33  3:57  Marauder  
  33  3:59  Marine  
  33  4:00  Combat Shield  
  33  4:02  Stimpack  
  36  4:09  SCV, Refinery  
  37  4:15  SCV  
  38  4:17  Marine  
  38  4:18  Marine x3  
  42  4:27  Supply Depot, SCV  
  42  4:28  SCV  
  42  4:30  Starport  
  44  4:39  Factory Reactor, SCV  
  44  4:40  SCV  
  44  4:42  Marine x4  
  50  4:49  Supply Depot  
  50  4:50  Supply Depot  
  50  5:05  SCV x2  
  54  5:07  Marauder x2  
  54  5:08  Marine x2  
  54  5:11  Command Center  
  58  5:17  SCV x2, Engineering Bay  
  58  5:20  Engineering Bay  
  60  5:30  Medivac x2  
  60  5:32  Marine, Marauder x2  
  69  5:36  Refinery  
  69  5:44  Supply Depot  
  69  5:45  Supply Depot  
  69  5:48  SCV x2  
  71  5:57  Terran Infantry Weapons Level 1  
  71  5:58  Terran Infantry Armor Level 1  
  71  6:10  SCV x2  
  73  6:15  Medivac x2  
  73  6:16  Marine x3  
  73  6:17  Marine  
  81  6:23  Orbital Command  
  81  6:27  SCV x2  
  83  6:35  Marine x2, Marauder x2  
  83  6:39  SCV x2  
  91  6:43  Supply Depot  
  91  6:44  Supply Depot  
  91  6:53  SCV x3  
  94  6:57  Refinery  
  94  6:58  Refinery  
  94  7:02  Liberator x2  
  94  7:05  SCV x3  
  94  7:06  Marine x2  
  94  7:07  Marauder x2  
  109  7:17  SCV x3  
  110  7:48  Marine x2  
  110  7:49  Marauder x2  
  113  7:56  SCV x3  
  113  7:57  Barracks  
  113  7:58  Barracks  
  115  7:59  Barracks  
  115  8:08  Armory, SCV  
  116  8:36  Marine x2  
  116  8:37  Marauder x2  
  122  8:44  SCV x2  
  124  8:48  Command Center  
  124  8:51  Barracks Reactor x2  
  124  8:52  Barracks Tech Lab  
  122  9:14  Marine  
  122  9:15  Marine  
  124  9:24  Marauder  
  124  9:27  Marauder  
  124  9:29  Marauder  
  122  9:34  Marine x2  
  122  9:35  Marine x3  
  122  9:36  Marine  
  120  9:43  Medivac x2  
  124  9:46  Marauder  
  124  9:49  Marauder  
  125  10:00  Marine x6, Marauder  
  125  10:06  Supply Depot x2  
  132  10:07  Supply Depot  
  132  10:08  Supply Depot, Marauder  
  132  10:10  Marauder  
  136  10:15  Medivac  
  136  10:17  Marine x2  
  140  10:22  Marauder  
  140  10:23  Marine x3  
  140  10:27  Marine  
  141  10:29  Marauder  
  141  10:30  Medivac  
  141  10:31  Marauder  
  147  10:36  Planetary Fortress  
  147  10:38  SCV x3  
  150  10:45  Medivac  
  150  10:48  Marine x5  
  150  10:49  Marine  
  152  11:00  Liberator  
  155  11:05  Marine x3  
  155  11:06  Marine x6  
  164  11:14  Refinery  
  164  11:15  Liberator  
  164  11:16  Refinery  
  167  11:19  Supply Depot  
  167  11:20  Supply Depot  
  167  11:24  Marine x2, Marauder x3  
  167  11:25  Marine x4  
  182  11:57  Marine x6  
  182  11:59  Marauder x3  
Show
View Real Time Build Order
Export as new Build Order

MattBarry Zerg - Winner!

Build Orders: Hatch First 

Get SALT Encoding   

  12  0:00  Drone  
  13  0:12  Drone  
  14  0:17  Overlord  
  14  0:27  Extractor  
  14  0:28  Drone  
  15  0:42  Drone  
  16  0:54  Hatchery  
  15  1:00  Drone  
  16  1:07  Extractor  
  15  1:13  Spawning Pool  
  14  1:18  Drone  
  14  1:20  Drone  
  14  1:25  Drone  
  17  1:32  Drone  
  18  1:40  Drone  
  19  1:51  Overlord  
  19  2:00  Queen  
  21  2:09  Overlord  
  21  2:11  Queen  
  23  2:16  Drone x2  
  25  2:27  Drone  
  26  2:32  Metabolic Boost  
  26  2:52  Drone x5  
  26  2:53  Drone  
  32  3:07  Lair  
  32  3:12  Drone x2  
  34  3:15  Extractor  
  33  3:22  Drone x4  
  33  3:23  Drone  
  38  3:37  Zergling x6  
  38  3:38  Overlord x2  
  41  4:04  Hatchery  
  41  4:05  Overseer  
  41  4:09  Spore Crawler  
  39  4:12  Spore Crawler  
  38  4:37  Evolution Chamber  
  37  4:39  Evolution Chamber  
  37  4:40  Drone x2  
  37  4:41  Drone x6  
  37  4:42  Drone x2  
  43  5:11  Zergling x4  
  43  5:12  Zergling x2  
  46  5:21  Extractor  
  46  5:25  Spire  
  46  5:28  Zerg Missile Weapons Level 1  
  44  5:55  Queen  
  46  5:57  Drone  
  46  5:58  Drone x2  
  46  6:03  Drone  
  46  6:04  Drone x11  
  61  6:23  Hatchery  
  60  6:31  Queen  
  62  6:52  Drone x4  
  66  6:57  Extractor  
  65  7:07  Spore Crawler  
  64  7:19  Spine Crawler  
  64  7:22  Queen  
  65  7:33  Zerg Melee Weapons Level 1  
  65  7:45  Infestation Pit  
  64  7:51  Drone  
  64  7:52  Drone x3, Overlord x4  
  64  7:53  Overlord x2  
  64  7:54  Drone x4  
  64  7:58  Zerg Ground Armor Level 1  
  72  8:11  Spire  
  71  8:44  Hive  
  71  8:45  Corruptor x12  
  95  9:14  Corruptor x3  
  101  9:29  Overlord x3  
  101  9:32  Zerg Melee Weapons Level 2  
  101  9:38  Drone x4  
  102  9:39  Drone, Overlord  
  102  9:41  Overlord  
  102  9:42  Swarm Host x2  
  112  9:47  Extractor  
  112  9:50  Extractor  
  110  10:51  Hatchery  
  109  11:01  Greater Spire  
  109  11:28  Corruptor x2  
  109  11:29  Corruptor  
Show
View Real Time Build Order
Export as new Build Order

ChrisStar Terran 

Build Orders: Command Center First (CC) 

Get SALT Encoding   

  12  0:18  SCV  
  13  0:30  SCV  
  15  0:42  SCV  
  15  0:49  Command Center  
  15  1:05  Supply Depot  
  15  1:17  Supply Depot  
  15  1:26  Refinery  
  15  1:27  SCV  
  15  1:28  Refinery  
  16  1:46  Barracks  
  16  1:57  Engineering Bay  
  16  2:09  SCV  
  17  2:18  Supply Depot  
  17  2:21  SCV  
  18  2:33  SCV  
  19  2:46  SCV  
  20  2:58  SCV  
  20  3:02  Reaper  
  21  3:10  SCV  
  20  3:22  SCV  
  20  3:34  Reaper, SCV  
  22  3:46  SCV  
  23  3:56  Supply Depot  
  23  3:58  SCV  
  23  4:02  Supply Depot  
  24  4:06  Reaper  
  25  4:10  SCV  
  26  4:25  Barracks  
  26  4:31  Bunker  
  26  4:32  Bunker  
  26  4:38  Reaper  
  26  4:42  Refinery  
  27  4:46  Refinery  
  27  5:07  Terran Infantry Weapons Level 1  
  27  5:10  Reaper  
  28  5:34  SCV  
  29  5:35  Factory  
  29  5:39  Barracks Reactor  
  29  5:43  Reaper  
  29  5:46  SCV  
  31  5:58  SCV  
  32  6:25  Starport  
  32  6:30  Starport  
  32  6:35  Missile Turret  
  32  6:37  Factory Tech Lab  
  32  6:45  Missile Turret  
  32  6:50  Missile Turret  
  32  6:51  Marine x2  
  34  6:58  Missile Turret  
  34  7:01  Neosteel Armor  
  34  7:09  Marine x2  
  34  7:14  Viking  
  38  7:19  SCV  
  39  7:27  Marine x2  
  41  7:31  SCV  
  42  7:44  Viking  
  42  7:45  Marine x2  
  42  7:54  Viking  
  44  7:59  Siege Tank  
  47  8:24  Viking  
  49  8:31  Siege Tank  
  52  8:42  Terran Infantry Armor Level 1  
  52  8:54  Viking  
  54  8:55  Viking  
  56  9:03  Siege Tank  
  57  9:24  Viking  
  59  9:25  Viking  
  44  9:50  Marine  
  34  9:54  Viking  
  22  10:24  Viking  
  4  10:53  Viking  
Show
View Real Time Build Order
Export as new Build Order

Jackel Terran 

Build Orders:  

Get SALT Encoding   

  12  0:02  SCV  
  13  0:15  SCV  
  14  0:25  Refinery  
  14  0:27  SCV  
  15  0:43  Refinery  
  15  0:55  Supply Depot  
  15  1:04  Supply Depot  
  15  1:17  SCV  
  16  1:26  Barracks  
  16  1:29  SCV  
  17  1:41  Supply Depot, SCV  
  18  1:48  Engineering Bay  
  18  1:53  SCV  
  19  2:05  SCV  
  20  2:15  Supply Depot  
  20  2:17  SCV  
  21  2:24  Ghost Academy  
  21  2:26  Barracks Tech Lab  
  21  2:29  SCV  
  22  2:36  Supply Depot  
  22  2:41  SCV  
  23  2:48  Supply Depot  
  23  2:50  Terran Infantry Weapons Level 1  
  23  2:53  SCV  
  24  3:04  Marine  
  25  3:22  Marine  
  26  3:40  Reaper  
  27  3:47  Supply Depot  
  27  3:58  Barracks  
  27  4:12  Reaper  
  27  4:15  Supply Depot  
  28  4:40  Command Center  
  28  4:44  Reaper  
  28  4:45  Terran Infantry Armor Level 1  
  29  5:17  Reaper  
  30  5:34  Supply Depot  
  30  5:48  Factory  
  30  5:49  Reaper  
  31  6:01  Barracks Reactor  
  31  6:07  SCV  
  32  6:17  Supply Depot  
  32  6:19  SCV  
  32  6:21  Reaper  
  34  6:31  SCV  
  35  6:38  Neosteel Armor  
  35  6:44  SCV, Factory Tech Lab  
  35  6:46  Reaper x2  
  38  6:53  Reaper  
  39  6:54  Combat Shield  
  39  6:56  SCV  
  40  7:05  Refinery  
  40  7:08  SCV, Refinery  
  41  7:18  Reaper x2  
  41  7:20  SCV  
  44  7:25  Reaper  
  45  7:32  SCV  
  45  7:36  Planetary Fortress  
  46  7:44  SCV  
  46  7:50  Reaper  
  46  7:51  Reaper  
  49  7:56  SCV  
  49  7:57  Reaper  
  40  8:13  Stimpack  
  40  8:22  Reaper  
  40  8:23  Reaper  
  42  8:29  Reaper  
  42  8:31  Siege Tank  
  46  8:42  SCV  
  47  8:54  Reaper, SCV  
  47  8:55  Reaper  
  50  9:01  Reaper  
  51  9:03  Siege Tank  
  51  9:06  SCV  
  55  9:18  SCV  
  56  9:26  Reaper  
  56  9:27  Reaper  
  44  9:33  Reaper  
  22  9:58  Reaper  
  24  10:05  Reaper  
  19  10:38  Reaper  
  16  11:10  Reaper  
Show
View Real Time Build Order
Export as new Build Order

Fuunoli Zerg 

Build Orders: Pool First 

Get SALT Encoding   

  12  0:03  Drone  
  13  0:18  Overlord  
  13  0:22  Drone  
  14  0:37  Drone  
  14  0:40  Drone  
  16  0:57  Spawning Pool  
  16  0:58  Drone x2  
  17  1:21  Extractor  
  17  1:22  Hatchery  
  15  1:32  Drone x3  
  18  1:46  Queen  
  20  1:54  Drone  
  21  2:10  Roach Warren  
  21  2:13  Drone x2  
  22  2:22  Overlord  
  22  2:37  Lair  
  22  2:52  Baneling Nest  
  21  3:00  Roach  
  21  3:05  Roach  
  25  3:08  Drone x3  
  28  3:17  Roach  
  30  3:50  Extractor  
  29  3:56  Roach x3  
  29  4:00  Drone  
  36  4:05  Overlord x2  
  36  4:29  Drone x2  
  38  4:33  Drone x2  
  40  4:49  Hatchery  
  39  5:02  Drone x2  
  39  5:03  Drone x3  
  44  5:22  Overlord x2  
  44  5:30  Queen  
  46  5:36  Drone  
  47  5:52  Roach x3  
  53  5:59  Overlord x2  
  53  6:09  Drone  
  54  6:12  Drone x3  
  54  6:13  Drone  
  54  6:16  Drone x2  
  60  6:44  Drone x3  
  63  6:47  Drone  
  63  6:48  Drone x2  
  63  6:52  Drone x3  
  69  7:19  Drone x2  
  69  7:38  Hatchery  
  44  7:59  Spire  
  36  8:22  Extractor  
  10  8:54  Drone  
  9  9:19  Mutalisk x2  
  13  9:48  Mutalisk x3  
  19  10:06  Corruptor  
  21  10:17  Spawning Pool, Drone  
  13  11:05  Corruptor  
  13  11:06  Corruptor x2  
Tags
 
Add a new tag
Caveats
  • Supply blocks, unpowered buildings, or Contaminate may cause inaccurate times.
  • Supply counts are checked every 10 seconds.